AoeStats
← Manolator

Arabia

509472920Analyzed
3v3 RM · 7d ago on Sep 26, 2026· 53m 35s· 6 players
Game mode
Random Map
Map size
Normal (6 player)
Population
200
Speed
Normal
Resources
Standard
Victory
Conquest
Starting age
Dark Age
Ending age
Imperial Age
RankedLock teamsTeams togetherTeam positionsShared explorationLock speedFull tech treeHidden civsTurbo modeCheats
Victory
Defeat
🇺🇸 Romans · United States
945
+13
🇺🇸 Mongols · United States
944
+13
🇺🇸 Franks · United States
910
+16
🇪🇸 Huns · Spain
885
-14
885
-14
🇪🇸 Saracens · Spain
885
-14
Manolator
0:34 Loom
11:50 Feudal Age
13:08 Wheelbarrow
12:23 Double-Bit Axe
12:31 Gold Mining
14:04 Bloodlines
16:44 Forging
24:25 Castle Age
23:49 Arson
24:30 Scale Mail Armor
24:22 Fletching
24:32 Padded Archer Armor
24:36 Pikeman
25:05 Arson
25:20 Squires
24:42 Light Cavalry
25:25 Husbandry
26:11 Bow Saw
25:47 Horse Collar
26:08 Elite Skirmisher
27:28 Heavy Plow
31:24 Hand Cart
33:07 Iron Casting
General Guanche
10:11 Loom
12:06 Feudal Age
13:39 Wheelbarrow
13:29 Double-Bit Axe
13:38 Horse Collar
16:33 Gold Mining
22:13 Forging
24:14 Castle Age
22:31 Scale Barding Armor
22:39 Bloodlines
23:55 Stone Mining
25:40 Gold Shaft Mining
25:20 Bow Saw
26:37 Iron Casting
26:30 Pikeman
27:56 Scale Mail Armor
28:17 Chain Barding Armor
32:52 Fletching
33:50 Husbandry
34:52 Hand Cart
ToroBravoPocoPeloMuchoRabo
4:53 Loom
10:40 Feudal Age
11:51 Wheelbarrow
11:03 Double-Bit Axe
11:44 Town Watch
24:30 Castle Age
25:14 Bow Saw
26:51 Hand Cart
26:38 Town Patrol
treedad420
7:32 Loom
10:27 Feudal Age
11:02 Double-Bit Axe
12:36 Horse Collar
12:31 Man-at-Arms
13:31 Scale Mail Armor
16:58 Forging
17:52 Gold Mining
19:02 Wheelbarrow
23:50 Castle Age
24:50 Long Swordsman
25:30 Squires
27:01 Chain Mail Armor
28:45 Bow Saw
28:37 Heavy Plow
29:30 Stone Mining
30:18 Gold Shaft Mining
30:23 Iron Casting
38:25 Imperial Age
37:05 Hand Cart
36:35 Town Watch
39:14 Town Patrol
39:54 Conscription
40:23 Legionary
44:31 Blast Furnace
swobknob
7:17 Loom
10:31 Feudal Age
10:57 Double-Bit Axe
22:28 Scale Mail Armor
22:35 Scale Barding Armor
31:01 Castle Age
35:04 Bow Saw
37:47 Forging
38:48 Gold Mining
40:29 Caravan
40:29 Light Cavalry
42:23 Iron Casting
44:38 Chain Barding Armor
45:35 Husbandry
49:53 Imperial Age
49:56 Gold Shaft Mining
50:41 Cavalier
double bingo
9:19 Feudal Age
8:18 Loom
13:12 Bloodlines
16:29 Double-Bit Axe
18:21 Horse Collar
21:47 Castle Age
20:47 Wheelbarrow
20:44 Forging
22:50 Wheelbarrow
22:32 Scale Barding Armor
23:27 Husbandry
26:01 Heavy Plow
27:29 Gold Mining
31:53 Hand Cart
32:39 Iron Casting
39:27 Chain Barding Armor
48:39 Imperial Age
50:36 Blast Furnace
49:19 Spies/Treason
50:13 Elite Steppe Lancer
Connection lost

Rejoining the realm…

Still unreachable

The connection could not be restored.

Session expired

The server has moved on; the page needs a fresh start.